[ AOE2 MATCH · #506137664 ]
UnrankedEthiopians vs Slavs
Player's team · WIN
Rival team · LOSS
[ REPLAY ANALYSIS · EXTRACTED FROM THE RECORDED GAME ]
Feudal
8:44
Castle
22:27
Imperial
34:43
| APM avg | 60.7 |
| APM peak | 96 |
| eAPM avg | 20.6 |
| Villagers / military | 94 / 161 |
Focus
⚔️ 46.1% · 🌾 53.9%
Archer ×108 · Shotel Warrior ×38 · Mangonel ×6 · Trebuchet (Packed) ×4 · Militia ×2 · Bombard Cannon ×2
Feudal
9:36
Castle
24:31
Imperial
38:53
| APM avg | 31.1 |
| APM peak | 66 |
| eAPM avg | 17.5 |
| Villagers / military | 142 / 130 |
Focus
⚔️ 29.0% · 🌾 71.0%
Skirmisher ×105 · Archer ×18 · Mangonel ×7
Match map
Initial resources + every placement click. Lines = walls · curves = elevation contours. ◆ gold · ⬟ stone · ● berries · ✦ relic · ◌ wall gap
Your base· Open — unwalled flank
feraoe's base· Open — 3t gap
Smoothed initial terrain · ◌ = detected wall gap · hover for details
Inputs per minute
— LowEcoLegend - - feraoe
Build order — LowEcoLegend
First 150 of 384 actions detected
| 0:01 | Queue | Villager (Male) |
| 0:01 | Queue | Villager (Male) |
| 0:02 | Queue | Villager (Male) |
| 0:02 | Queue | Villager (Male) |
| 0:02 | Build | House |
| 0:04 | Build | House |
| 1:25 | Queue | Villager (Male) |
| 1:26 | Queue | Villager (Male) |
| 1:50 | Queue | Villager (Male) |
| 1:51 | Queue | Villager (Male) |
| 2:11 | Build | Lumber Camp |
| 2:25 | Queue | Villager (Male) |
| 2:25 | Queue | Villager (Male) |
| 2:40 | Queue | Villager (Male) |
| 2:40 | Queue | Villager (Male) |
| 3:03 | Queue | Villager (Male) |
| 3:21 | Build | House |
| 3:32 | Queue | Villager (Male) |
| 4:12 | Queue | Villager (Male) |
| 4:13 | Queue | Villager (Male) |
| 4:13 | Queue | Villager (Male) |
| 4:26 | Queue | Villager (Male) |
| 4:57 | Queue | Villager (Male) |
| 5:12 | Build | Mill |
| 5:19 | Queue | Villager (Male) |
| 5:37 | Research | Loom |
| 6:34 | Research | Feudal Age |
| 6:35 | Research | Feudal Age |
| 7:27 | Build | Palisade Wall |
| 7:28 | Build | Palisade Wall |
| 7:57 | Build | Barracks |
| 8:06 | Build | Barracks |
| 8:34 | Build | House |
| 8:43 | Queue | Militia |
| 8:43 | Queue | Militia |
| 8:44 | Age | Feudal Age |
| 8:46 | Queue | Villager (Male) |
| 8:50 | Build | House |
| 9:05 | Build | Watch Tower |
| 9:18 | Queue | Villager (Male) |
| 9:22 | Research | Man-at-Arms (upgrade) |
| 9:34 | Queue | Villager (Male) |
| 9:40 | Build | Mining Camp |
| 9:45 | Queue | Villager (Male) |
| 9:48 | Queue | Villager (Male) |
| 10:00 | Queue | Villager (Male) |
| 10:12 | Build | Archery Range |
| 11:05 | Queue | Archer |
| 11:05 | Queue | Archer |
| 11:27 | Queue | Villager (Male) |
| 11:29 | Build | House |
| 11:36 | Build | Farm |
| 11:45 | Queue | Archer |
| 11:47 | Queue | Villager (Male) |
| 11:49 | Research | Double-Bit Axe |
| 12:01 | Build | Mill |
| 12:11 | Build | Farm |
| 12:13 | Queue | Villager (Male) |
| 12:26 | Queue | Villager (Male) |
| 12:27 | Queue | Archer |
| 12:27 | Queue | Archer |
| 13:04 | Queue | Archer |
| 13:04 | Queue | Archer |
| 13:05 | Queue | Villager (Male) |
| 13:11 | Queue | Villager (Male) |
| 13:13 | Build | Farm |
| 13:14 | Build | Farm |
| 13:15 | Queue | Villager (Male) |
| 13:16 | Queue | Villager (Male) |
| 13:21 | Build | Farm |
| 13:41 | Build | House |
| 14:03 | Build | House |
| 14:14 | Queue | Villager (Male) |
| 14:14 | Queue | Villager (Male) |
| 14:16 | Build | Farm |
| 14:17 | Build | Farm |
| 14:25 | Build | House |
| 14:42 | Queue | Archer |
| 14:43 | Queue | Villager (Male) |
| 15:02 | Queue | Archer |
| 15:02 | Queue | Archer |
| 15:09 | Queue | Villager (Male) |
| 15:15 | Build | Blacksmith |
| 15:29 | Queue | Villager (Male) |
| 15:31 | Build | Farm |
| 15:41 | Queue | Archer |
| 16:03 | Queue | Villager (Male) |
| 16:03 | Queue | Villager (Male) |
| 16:05 | Queue | Archer |
| 16:32 | Queue | Archer |
| 16:33 | Queue | Archer |
| 16:33 | Queue | Archer |
| 16:47 | Research | Fletching |
| 17:40 | Queue | Archer |
| 17:40 | Queue | Archer |
| 17:55 | Queue | Villager (Male) |
| 17:55 | Queue | Villager (Male) |
| 17:57 | Queue | Archer |
| 17:57 | Queue | Archer |
| 18:12 | Build | Market |
| 18:15 | Queue | Villager (Male) |
| 18:17 | Build | Farm |
| 18:18 | Build | Farm |
| 18:29 | Queue | Archer |
| 18:29 | Queue | Archer |
| 19:18 | Queue | Archer |
| 19:18 | Queue | Archer |
| 19:47 | Research | Castle Age |
| 19:51 | Queue | Archer |
| 19:51 | Queue | Archer |
| 20:01 | Queue | Villager (Male) |
| 20:07 | Build | Lumber Camp |
| 20:49 | Research | Padded Archer Armor |
| 20:50 | Queue | Archer |
| 20:50 | Queue | Archer |
| 20:51 | Queue | Villager (Male) |
| 20:54 | Build | House |
| 20:56 | Build | Palisade Wall |
| 21:09 | Build | Watch Tower |
| 21:14 | Queue | Villager (Male) |
| 21:19 | Build | Lumber Camp |
| 21:59 | Build | Watch Tower |
| 22:13 | Queue | Villager (Male) |
| 22:27 | Build | House |
| 22:27 | Age | Castle Age |
| 22:27 | Build | House |
| 22:32 | Build | Siege Workshop |
| 22:37 | Research | Crossbowman (upgrade) |
| 22:38 | Research | Bodkin Arrow |
| 22:45 | Queue | Archer |
| 22:46 | Queue | Archer |
| 23:12 | Queue | Archer |
| 23:12 | Queue | Archer |
| 23:15 | Queue | Villager (Male) |
| 23:19 | Build | Mining Camp |
| 23:27 | Queue | Mangonel |
| 23:32 | Queue | Villager (Male) |
| 23:36 | Build | Farm |
| 23:36 | Build | Farm |
| 23:38 | Build | Farm |
| 23:39 | Build | Farm |
| 23:53 | Queue | Archer |
| 23:54 | Queue | Archer |
| 24:11 | Queue | Villager (Male) |
| 24:13 | Queue | Archer |
| 24:13 | Queue | Archer |
| 24:26 | Queue | Mangonel |
| 24:28 | Queue | Villager (Male) |
| 24:28 | Queue | Villager (Male) |
| 25:18 | Queue | Archer |
Build order — feraoe
First 150 of 357 actions detected
| 0:01 | Queue | Villager (Male) |
| 0:01 | Queue | Villager (Male) |
| 0:04 | Build | House |
| 0:05 | Build | House |
| 0:22 | Queue | Villager (Male) |
| 0:22 | Queue | Villager (Male) |
| 1:34 | Queue | Villager (Male) |
| 1:35 | Queue | Villager (Male) |
| 1:53 | Queue | Villager (Male) |
| 2:02 | Build | Lumber Camp |
| 2:23 | Queue | Villager (Male) |
| 2:24 | Queue | Villager (Male) |
| 2:54 | Queue | Villager (Male) |
| 2:54 | Queue | Villager (Male) |
| 3:05 | Queue | Villager (Male) |
| 3:05 | Queue | Villager (Male) |
| 3:37 | Queue | Villager (Male) |
| 3:56 | Build | House |
| 3:59 | Queue | Villager (Male) |
| 4:25 | Queue | Villager (Male) |
| 4:43 | Queue | Villager (Male) |
| 5:01 | Build | Mill |
| 5:17 | Queue | Villager (Male) |
| 5:17 | Queue | Villager (Male) |
| 6:03 | Queue | Villager (Male) |
| 6:04 | Research | Loom |
| 7:26 | Research | Feudal Age |
| 8:04 | Build | House |
| 8:08 | Build | Mining Camp |
| 8:17 | Build | Barracks |
| 8:25 | Build | Palisade Wall |
| 8:29 | Build | Palisade Wall |
| 8:31 | Build | Palisade Wall |
| 8:34 | Build | Palisade Wall |
| 8:40 | Build | Palisade Wall |
| 8:52 | Build | Palisade Wall |
| 8:53 | Build | Palisade Wall |
| 9:05 | Build | Palisade Wall |
| 9:09 | Build | Palisade Wall |
| 9:27 | Queue | Villager (Male) |
| 9:33 | Build | Lumber Camp |
| 9:36 | Age | Feudal Age |
| 9:48 | Queue | Villager (Male) |
| 10:06 | Build | Archery Range |
| 10:22 | Queue | Villager (Male) |
| 10:38 | Research | Double-Bit Axe |
| 10:44 | Build | Stone Wall |
| 10:59 | Queue | Archer |
| 11:00 | Queue | Archer |
| 11:04 | Build | Palisade Wall |
| 11:19 | Queue | Villager (Male) |
| 11:26 | Queue | Villager (Male) |
| 11:30 | Queue | Archer |
| 11:43 | Queue | Skirmisher |
| 12:04 | Queue | Villager (Male) |
| 12:18 | Queue | Villager (Male) |
| 12:55 | Queue | Skirmisher |
| 12:57 | Build | Farm |
| 12:58 | Build | Farm |
| 12:58 | Build | Farm |
| 12:58 | Build | Farm |
| 13:00 | Build | Farm |
| 13:07 | Queue | Villager (Male) |
| 13:17 | Build | Farm |
| 13:23 | Build | Farm |
| 13:31 | Queue | Skirmisher |
| 13:34 | Queue | Villager (Male) |
| 13:37 | Build | House |
| 13:54 | Queue | Villager (Male) |
| 13:58 | Build | Farm |
| 13:58 | Build | Farm |
| 14:03 | Queue | Villager (Male) |
| 14:20 | Queue | Villager (Male) |
| 14:24 | Build | Farm |
| 14:27 | Queue | Skirmisher |
| 14:31 | Build | Blacksmith |
| 14:44 | Build | Farm |
| 14:53 | Build | Farm |
| 15:04 | Build | House |
| 15:07 | Queue | Villager (Male) |
| 15:19 | Research | Fletching |
| 15:34 | Build | House |
| 15:43 | Queue | Skirmisher |
| 15:49 | Queue | Villager (Male) |
| 15:58 | Queue | Villager (Male) |
| 16:31 | Queue | Villager (Male) |
| 17:15 | Research | Padded Archer Armor |
| 17:29 | Queue | Villager (Male) |
| 17:29 | Queue | Villager (Male) |
| 17:36 | Queue | Skirmisher |
| 17:47 | Queue | Skirmisher |
| 17:55 | Build | House |
| 18:16 | Queue | Villager (Male) |
| 18:19 | Queue | Skirmisher |
| 18:36 | Queue | Skirmisher |
| 18:38 | Queue | Villager (Male) |
| 18:41 | Build | Farm |
| 18:43 | Build | Farm |
| 18:44 | Build | Farm |
| 18:45 | Build | Farm |
| 18:47 | Build | Farm |
| 18:48 | Research | Horse Collar |
| 19:06 | Build | House |
| 19:20 | Build | Farm |
| 19:21 | Queue | Villager (Male) |
| 19:26 | Build | House |
| 19:28 | Build | House |
| 19:53 | Queue | Villager (Male) |
| 19:53 | Queue | Villager (Male) |
| 19:57 | Build | Market |
| 20:09 | Queue | Skirmisher |
| 20:09 | Queue | Skirmisher |
| 20:10 | Queue | Villager (Male) |
| 20:26 | Build | Archery Range |
| 20:30 | Queue | Skirmisher |
| 20:30 | Queue | Skirmisher |
| 20:54 | Queue | Skirmisher |
| 20:54 | Queue | Skirmisher |
| 21:13 | Queue | Villager (Male) |
| 21:51 | Research | Castle Age |
| 21:51 | Research | Castle Age |
| 22:00 | Queue | Skirmisher |
| 22:01 | Queue | Skirmisher |
| 22:01 | Queue | Skirmisher |
| 22:24 | Queue | Skirmisher |
| 22:24 | Queue | Skirmisher |
| 22:28 | Research | Gold Mining |
| 24:05 | Build | House |
| 24:31 | Age | Castle Age |
| 24:33 | Build | Siege Workshop |
| 24:35 | Research | Elite Skirmisher (upgrade) |
| 24:36 | Research | Bodkin Arrow |
| 24:40 | Research | Bow Saw |
| 24:42 | Queue | Villager (Male) |
| 24:42 | Queue | Villager (Male) |
| 25:18 | Queue | Mangonel |
| 25:19 | Queue | Mangonel |
| 25:22 | Build | Town Center |
| 25:29 | Queue | Villager (Male) |
| 25:43 | Queue | Villager (Male) |
| 26:13 | Queue | Villager (Male) |
| 26:44 | Queue | Mangonel |
| 26:46 | Queue | Villager (Male) |
| 26:50 | Queue | Villager (Male) |
| 26:50 | Queue | Villager (Male) |
| 27:01 | Queue | Mangonel |
| 27:28 | Queue | Villager (Male) |
| 27:28 | Queue | Villager (Male) |
| 27:35 | Build | Town Center |
| 28:11 | Queue | Mangonel |
Match timeline
| 7:27 | LowEcoLegend · wall_segment Palisade Wall x1 |
| 7:28 | LowEcoLegend · wall_segment Palisade Wall x1 |
| 7:57 | LowEcoLegend · first_building Barracks |
| 8:17 | feraoe · first_building Barracks |
| 8:25 | feraoe · wall_segment Palisade Wall x1 |
| 8:29 | feraoe · wall_segment Palisade Wall x1 |
| 8:31 | feraoe · wall_segment Palisade Wall x1 |
| 8:34 | feraoe · wall_segment Palisade Wall x1 |
| 8:40 | feraoe · wall_segment Palisade Wall x1 |
| 8:44 | LowEcoLegend · age_up feudal |
| 8:52 | feraoe · wall_segment Palisade Wall x1 |
| 8:53 | feraoe · wall_segment Palisade Wall x1 |
| 9:05 | feraoe · wall_segment Palisade Wall x1 |
| 9:09 | feraoe · wall_segment Palisade Wall x1 |
| 9:36 | feraoe · age_up feudal |
| 10:06 | feraoe · first_building Archery Range |
| 10:12 | LowEcoLegend · first_building Archery Range |
| 10:44 | feraoe · wall_segment Stone Wall x1 |
| 11:04 | feraoe · wall_segment Palisade Wall x1 |
| 20:43 | feraoe · first_market_buy 100 food |
| 20:44 | feraoe · first_market_sell 100 wood |
| 20:56 | LowEcoLegend · wall_segment Palisade Wall x9 |
| 22:27 | LowEcoLegend · age_up castle |
| 22:32 | LowEcoLegend · first_building Siege Workshop |
| 23:26 | LowEcoLegend · first_market_sell 100 wood |
| 24:31 | feraoe · age_up castle |
| 24:33 | feraoe · first_building Siege Workshop |
| 33:58 | LowEcoLegend · first_building Castle |
| 34:43 | LowEcoLegend · age_up imperial |
| 35:00 | LowEcoLegend · first_market_buy 100 food |
| 35:53 | feraoe · first_building Stable |
| 36:22 | feraoe · wall_segment Stone Wall x3 |
| 36:28 | feraoe · wall_segment Stone Wall x6 |
| 38:21 | feraoe · first_building Castle |
| 38:53 | feraoe · age_up imperial |
| 47:15 | feraoe · resign |
[ AI ANALYSIS · 1 CREDIT ]
What really happened in this match?
Wolo.gg analyzes every decision: build order, eco, micro, common mistakes by bracket. Personalized analysis on WhatsApp or Discord in 30 seconds.
Civ guide
Ethiopians
Perfil
Jugador #610287